[ AOE2 MATCH · #505305154 ]
UnrankedHuns vs Chinese
Player's team · LOSS
Rival team · WIN
[ REPLAY ANALYSIS · EXTRACTED FROM THE RECORDED GAME ]
Feudal
10:00
Castle
23:22
Imperial
—
| APM avg | 72.3 |
| APM peak | 136 |
| eAPM avg | 31.3 |
| Villagers / military | 71 / 80 |
Focus
⚔️ 33.8% · 🌾 66.2%
Knight ×31 · Archer ×23 · Skirmisher ×9 · Spearman ×8 · Militia ×4 · Mangonel ×2
Feudal
8:29
Castle
23:22
Imperial
—
| APM avg | 49.7 |
| APM peak | 70 |
| eAPM avg | 28.8 |
| Villagers / military | 74 / 47 |
Focus
⚔️ 33.7% · 🌾 66.3%
Archer ×22 · Skirmisher ×16 · Monk ×4 · Scout Cavalry ×3 · Iron Pagoda ×2
Match map
Initial resources + every placement click. Lines = walls · curves = elevation contours. ◆ gold · ⬟ stone · ● berries · ✦ relic · ◌ wall gap
Your base· Open — unwalled flank
Dench's base· Open — 7t gap
Smoothed initial terrain · ◌ = detected wall gap · hover for details
Inputs per minute
— Pedro - - Dench
Build order — Pedro
First 150 of 228 actions detected
| 0:00 | Queue | Villager (Male) |
| 0:00 | Queue | Villager (Male) |
| 0:01 | Queue | Villager (Male) |
| 0:01 | Queue | Villager (Male) |
| 1:19 | Queue | Villager (Male) |
| 1:46 | Queue | Villager (Male) |
| 1:52 | Build | Lumber Camp |
| 2:01 | Queue | Villager (Male) |
| 2:39 | Queue | Villager (Male) |
| 2:54 | Queue | Villager (Male) |
| 3:22 | Queue | Villager (Male) |
| 3:38 | Queue | Villager (Male) |
| 4:24 | Queue | Villager (Male) |
| 4:35 | Queue | Villager (Male) |
| 5:04 | Build | Barracks |
| 5:14 | Queue | Villager (Male) |
| 5:30 | Queue | Villager (Male) |
| 5:51 | Queue | Villager (Male) |
| 6:07 | Build | Mill |
| 6:12 | Queue | Militia |
| 6:12 | Queue | Militia |
| 6:15 | Queue | Militia |
| 6:16 | Queue | Militia |
| 6:35 | Queue | Villager (Male) |
| 7:00 | Research | Loom |
| 7:50 | Research | Feudal Age |
| 7:50 | Research | Feudal Age |
| 8:18 | Build | Mining Camp |
| 8:20 | Build | Lumber Camp |
| 8:34 | Queue | Villager (Male) |
| 9:07 | Queue | Villager (Male) |
| 9:55 | Queue | Villager (Male) |
| 10:00 | Age | Feudal Age |
| 10:04 | Build | Archery Range |
| 10:05 | Queue | Villager (Male) |
| 10:12 | Research | Double-Bit Axe |
| 10:12 | Research | Double-Bit Axe |
| 10:13 | Queue | Spearman |
| 10:36 | Build | Archery Range |
| 10:42 | Queue | Spearman |
| 10:42 | Queue | Spearman |
| 10:46 | Queue | Archer |
| 10:46 | Queue | Archer |
| 10:47 | Queue | Archer |
| 11:06 | Build | Palisade Wall |
| 11:07 | Build | Palisade Wall |
| 11:12 | Build | Palisade Wall |
| 11:20 | Queue | Spearman |
| 11:20 | Queue | Spearman |
| 11:22 | Queue | Archer |
| 11:23 | Queue | Archer |
| 11:32 | Queue | Archer |
| 11:33 | Queue | Archer |
| 11:54 | Build | Farm |
| 11:57 | Build | Farm |
| 11:59 | Build | Farm |
| 11:59 | Queue | Villager (Male) |
| 12:23 | Queue | Archer |
| 12:23 | Queue | Archer |
| 12:27 | Build | Farm |
| 12:40 | Build | Blacksmith |
| 12:47 | Queue | Villager (Male) |
| 12:47 | Queue | Villager (Male) |
| 12:51 | Queue | Archer |
| 12:51 | Queue | Archer |
| 13:08 | Queue | Archer |
| 13:08 | Queue | Archer |
| 13:10 | Queue | Spearman |
| 13:10 | Queue | Spearman |
| 13:23 | Build | Farm |
| 13:38 | Queue | Villager (Male) |
| 13:41 | Queue | Archer |
| 13:45 | Queue | Skirmisher |
| 13:46 | Queue | Skirmisher |
| 14:08 | Build | Farm |
| 14:32 | Research | Fletching |
| 14:33 | Research | Fletching |
| 14:33 | Queue | Villager (Male) |
| 14:53 | Queue | Villager (Male) |
| 14:57 | Queue | Archer |
| 14:59 | Queue | Skirmisher |
| 15:00 | Queue | Skirmisher |
| 15:00 | Queue | Skirmisher |
| 15:02 | Queue | Skirmisher |
| 15:13 | Queue | Villager (Male) |
| 15:21 | Queue | Archer |
| 15:21 | Queue | Archer |
| 15:24 | Build | Farm |
| 15:31 | Queue | Villager (Male) |
| 15:46 | Queue | Archer |
| 15:46 | Queue | Archer |
| 15:54 | Queue | Villager (Male) |
| 16:01 | Queue | Spearman |
| 16:16 | Build | Farm |
| 16:17 | Build | Farm |
| 16:30 | Build | Farm |
| 16:34 | Queue | Archer |
| 16:34 | Queue | Villager (Male) |
| 16:45 | Build | Farm |
| 16:50 | Queue | Villager (Male) |
| 17:01 | Queue | Villager (Male) |
| 17:04 | Build | Farm |
| 17:14 | Queue | Skirmisher |
| 17:46 | Queue | Archer |
| 17:46 | Queue | Villager (Male) |
| 17:47 | Queue | Villager (Male) |
| 17:49 | Queue | Skirmisher |
| 17:49 | Queue | Skirmisher |
| 18:06 | Queue | Villager (Male) |
| 18:22 | Queue | Archer |
| 18:22 | Queue | Villager (Male) |
| 18:24 | Build | Farm |
| 18:26 | Build | Farm |
| 19:01 | Queue | Villager (Male) |
| 19:02 | Queue | Archer |
| 19:02 | Queue | Villager (Male) |
| 19:06 | Build | Farm |
| 19:17 | Queue | Villager (Male) |
| 19:21 | Build | Market |
| 19:40 | Build | Farm |
| 19:41 | Build | Farm |
| 20:00 | Queue | Villager (Male) |
| 20:02 | Build | Farm |
| 20:28 | Build | Farm |
| 20:42 | Research | Castle Age |
| 20:42 | Research | Castle Age |
| 21:07 | Queue | Villager (Male) |
| 21:19 | Build | Stable |
| 21:31 | Research | Scale Barding Armor |
| 21:52 | Research | Forging |
| 21:53 | Research | Forging |
| 22:12 | Build | Stable |
| 22:36 | Build | Lumber Camp |
| 22:46 | Research | Bloodlines |
| 22:46 | Research | Bloodlines |
| 22:50 | Queue | Villager (Male) |
| 23:10 | Queue | Villager (Male) |
| 23:12 | Queue | Villager (Male) |
| 23:22 | Age | Castle Age |
| 23:23 | Queue | Knight |
| 23:23 | Queue | Knight |
| 23:23 | Queue | Knight |
| 23:24 | Queue | Knight |
| 23:24 | Build | Farm |
| 23:25 | Build | Farm |
| 23:33 | Build | Lumber Camp |
| 23:47 | Queue | Villager (Male) |
| 24:00 | Queue | Knight |
| 24:00 | Queue | Knight |
| 24:01 | Queue | Villager (Male) |
Build order — Dench
First 150 of 224 actions detected
| 0:05 | Research | Loom |
| 0:06 | Research | Loom |
| 0:39 | Queue | Villager (Male) |
| 0:39 | Queue | Villager (Male) |
| 1:05 | Queue | Villager (Male) |
| 1:06 | Queue | Villager (Male) |
| 1:37 | Queue | Villager (Male) |
| 1:37 | Queue | Villager (Male) |
| 1:47 | Build | Lumber Camp |
| 1:54 | Queue | Villager (Male) |
| 2:19 | Queue | Villager (Male) |
| 2:19 | Queue | Villager (Male) |
| 2:51 | Queue | Villager (Male) |
| 2:52 | Queue | Villager (Male) |
| 3:11 | Queue | Villager (Male) |
| 3:20 | Build | House |
| 3:27 | Queue | Villager (Male) |
| 4:05 | Queue | Villager (Male) |
| 4:06 | Queue | Villager (Male) |
| 4:26 | Build | Mill |
| 4:50 | Queue | Villager (Male) |
| 4:51 | Queue | Villager (Male) |
| 5:06 | Build | House |
| 5:24 | Queue | Villager (Male) |
| 6:19 | Research | Feudal Age |
| 6:19 | Research | Feudal Age |
| 7:20 | Build | Barracks |
| 7:32 | Queue | Villager (Male) |
| 8:29 | Age | Feudal Age |
| 8:31 | Build | Stable |
| 8:32 | Research | Double-Bit Axe |
| 8:33 | Queue | Villager (Male) |
| 8:58 | Build | House |
| 9:02 | Queue | Villager (Male) |
| 9:03 | Queue | Scout Cavalry |
| 9:04 | Queue | Scout Cavalry |
| 9:11 | Build | Mill |
| 9:47 | Queue | Villager (Male) |
| 10:10 | Queue | Scout Cavalry |
| 10:14 | Build | Farm |
| 10:16 | Build | Farm |
| 10:17 | Build | Farm |
| 10:20 | Queue | Villager (Male) |
| 10:40 | Queue | Villager (Male) |
| 10:45 | Build | Farm |
| 10:49 | Build | Farm |
| 10:52 | Build | Farm |
| 11:02 | Queue | Villager (Male) |
| 11:05 | Build | Farm |
| 11:05 | Queue | Villager (Male) |
| 11:20 | Build | House |
| 11:22 | Build | Farm |
| 11:42 | Queue | Villager (Male) |
| 11:57 | Build | Archery Range |
| 12:17 | Queue | Villager (Male) |
| 12:21 | Build | Farm |
| 12:24 | Build | Farm |
| 12:25 | Queue | Villager (Male) |
| 12:40 | Build | House |
| 12:41 | Queue | Skirmisher |
| 12:42 | Queue | Skirmisher |
| 12:56 | Queue | Skirmisher |
| 13:01 | Build | Palisade Wall |
| 13:02 | Build | Palisade Wall |
| 13:08 | Build | Palisade Wall |
| 13:10 | Queue | Villager (Male) |
| 13:16 | Queue | Skirmisher |
| 13:39 | Build | Blacksmith |
| 13:47 | Queue | Skirmisher |
| 13:53 | Queue | Villager (Male) |
| 14:05 | Queue | Skirmisher |
| 14:34 | Queue | Villager (Male) |
| 14:37 | Build | Lumber Camp |
| 14:42 | Build | House |
| 14:46 | Build | Palisade Wall |
| 14:51 | Research | Fletching |
| 14:51 | Research | Fletching |
| 14:53 | Queue | Villager (Male) |
| 15:05 | Build | Palisade Wall |
| 15:08 | Queue | Villager (Male) |
| 15:08 | Queue | Villager (Male) |
| 15:10 | Build | Farm |
| 15:12 | Build | Farm |
| 15:14 | Queue | Skirmisher |
| 15:21 | Build | House |
| 15:34 | Build | Farm |
| 15:35 | Queue | Villager (Male) |
| 15:39 | Build | House |
| 15:39 | Build | House |
| 15:51 | Build | Palisade Wall |
| 15:52 | Build | House |
| 15:58 | Queue | Villager (Male) |
| 16:04 | Build | Farm |
| 16:05 | Build | Farm |
| 16:31 | Queue | Villager (Male) |
| 16:36 | Build | Mining Camp |
| 16:36 | Queue | Villager (Male) |
| 16:52 | Research | Padded Archer Armor |
| 16:52 | Research | Padded Archer Armor |
| 16:57 | Queue | Skirmisher |
| 17:32 | Queue | Skirmisher |
| 17:46 | Queue | Villager (Male) |
| 17:46 | Queue | Villager (Male) |
| 18:17 | Queue | Skirmisher |
| 18:42 | Queue | Skirmisher |
| 18:42 | Queue | Skirmisher |
| 18:47 | Build | Market |
| 18:55 | Queue | Villager (Male) |
| 18:56 | Queue | Villager (Male) |
| 19:01 | Queue | Skirmisher |
| 19:36 | Queue | Villager (Male) |
| 19:47 | Queue | Villager (Male) |
| 19:51 | Queue | Skirmisher |
| 19:58 | Queue | Skirmisher |
| 20:23 | Queue | Villager (Male) |
| 20:27 | Build | Farm |
| 20:42 | Research | Castle Age |
| 20:42 | Research | Castle Age |
| 20:42 | Research | Castle Age |
| 20:53 | Build | Farm |
| 21:25 | Build | House |
| 21:26 | Build | Palisade Wall |
| 21:32 | Build | Palisade Wall |
| 21:35 | Research | Wheelbarrow |
| 21:42 | Research | Horse Collar |
| 21:42 | Research | Horse Collar |
| 21:46 | Build | Farm |
| 21:46 | Build | Farm |
| 22:07 | Build | Palisade Wall |
| 22:09 | Build | Palisade Wall |
| 22:23 | Build | Farm |
| 22:38 | Research | Gold Mining |
| 22:38 | Research | Gold Mining |
| 22:41 | Queue | Archer |
| 22:41 | Queue | Archer |
| 23:22 | Age | Castle Age |
| 23:25 | Build | Town Center |
| 23:27 | Research | Bodkin Arrow |
| 23:27 | Research | Bodkin Arrow |
| 23:29 | Research | Bow Saw |
| 23:44 | Research | Leather Archer Armor |
| 23:44 | Research | Leather Archer Armor |
| 24:02 | Queue | Villager (Male) |
| 24:17 | Research | Elite Skirmisher (upgrade) |
| 24:40 | Queue | Villager (Male) |
| 24:42 | Queue | Skirmisher |
| 24:54 | Research | Crossbowman (upgrade) |
| 24:54 | Queue | Archer |
| 24:54 | Queue | Archer |
| 24:59 | Queue | Villager (Male) |
Match timeline
| 5:04 | Pedro · first_building Barracks |
| 7:20 | Dench · first_building Barracks |
| 8:29 | Dench · age_up feudal |
| 8:31 | Dench · first_building Stable |
| 10:00 | Pedro · age_up feudal |
| 10:04 | Pedro · first_building Archery Range |
| 11:06 | Pedro · wall_segment Palisade Wall x1 |
| 11:07 | Pedro · wall_segment Palisade Wall x1 |
| 11:12 | Pedro · wall_segment Palisade Wall x1 |
| 11:57 | Dench · first_building Archery Range |
| 13:01 | Dench · wall_segment Palisade Wall x5 |
| 13:02 | Dench · wall_segment Palisade Wall x1 |
| 13:08 | Dench · wall_segment Palisade Wall x16 |
| 14:46 | Dench · wall_segment Palisade Wall x13 |
| 15:05 | Dench · wall_segment Palisade Wall x1 |
| 15:51 | Dench · wall_segment Palisade Wall x1 |
| 19:23 | Dench · first_market_buy 100 food |
| 20:18 | Pedro · first_market_sell 100 stone |
| 20:32 | Pedro · first_market_buy 100 food |
| 21:19 | Pedro · first_building Stable |
| 21:26 | Dench · wall_segment Palisade Wall x1 |
| 21:32 | Dench · wall_segment Palisade Wall x1 |
| 22:07 | Dench · wall_segment Palisade Wall x1 |
| 22:09 | Dench · wall_segment Palisade Wall x1 |
| 23:22 | Dench · age_up castle |
| 23:22 | Pedro · age_up castle |
| 25:21 | Dench · first_building Monastery |
| 26:03 | Dench · wall_segment Palisade Wall x1 |
| 26:51 | Pedro · first_building Siege Workshop |
| 28:06 | Pedro · first_building Monastery |
| 28:35 | Dench · first_building Siege Workshop |
| 31:10 | Pedro · resign |
[ AI ANALYSIS · 1 CREDIT ]
What really happened in this match?
Wolo.gg analyzes every decision: build order, eco, micro, common mistakes by bracket. Personalized analysis on WhatsApp or Discord in 30 seconds.
Civ guide
Huns
Perfil
Jugador #339375